 Dungeon Crawl Stone Soup version 0.31-a0-925-g0a390f2509 (webtiles) character file.

Game seed: 2412152246259168127

123 lunkers the Insei (level 5, -5/40 HPs)
             Began as a Meteoran Shapeshifter on Oct 18, 2023.
             Was a Believer of Dithmenos.
             Killed by nerve-wracking pain
             ... invoked by an orc priest
              (6 damage)
             ... on level 3 of the Dungeon.
             The game lasted 00:01:31 (773 turns).

lunkers the Insei (Meteoran Shapeshifter)            Turns: 773, Time: 00:01:32

Health: -5/40      AC:  5    Str: 15    XL:     5   Next: 54%
Magic:  6/6        EV: 11    Int: 11    God:    Dithmenos [**....]
Gold:   76         SH:  0    Dex: 16    Spells: 4/4 levels left

rFire   . .          .
                       - Unarmed
rCold   . . .        (no shield)
rNeg    . . .        g - +0 ring mail
rPois   .            (helmet currently unavailable)
rElec   .            (cloak currently unavailable)
rCorr   .            (gloves currently unavailable)
SInv    .            (boots currently unavailable)
Will    .....        (no amulet)
Stlth   +            (no ring)
HPRegen 0.26/turn    (no ring)
MPRegen 0.10/turn

%: no passive effects
@: beast-form, glowing
A: beast (slay +2), sense surroundings 1, otherworldly, glowing, explore regen
a: Begin Untransformation, Renounce Religion, Shadow Step


You were on level 3 of the Dungeon.
You worshipped Dithmenos.
Dithmenos was pleased with you.
You were a hulking beast.
You visited 1 branch of the dungeon, and saw 3 of its levels.

You collected 76 gold pieces.

Inventory:

Armour
 a - a +0 animal skin
 g - a +0 ring mail (worn)
 j - a +0 pair of gloves
Talismans
 c - a beast talisman (active)
 d - a flux talisman
Scrolls
 e - a scroll of teleportation {unknown}
 f - a scroll of fog {unknown}
 i - a scroll of blinking {unknown}
Potions
 b - 2 potions of lignification
 h - a potion of mutation {unknown}


   Skills:
 - Level 1.1 Fighting
 - Level 2.1 Dodging
 * Level 5.9 Unarmed Combat
 + Level 4.7 Shapeshifting


You had 4 spell levels left.
You didn't know any spells.
Your spell library was empty.

Dungeon Overview and Level Annotations

Branches:
Dungeon (3/15) Zot: 1037

Altars:
Dithmenos
Makhleb


Innate Abilities, Weirdness & Mutations

You are a hulking beast.
Your limbs bulge with bestial killing power. (Slay +2)
You passively map a small area around you.
You are easily found by Zot.
You glow in the dark.
You regain HP and MP as you explore.


Message History

The orc priest hits you with a +0 war axe.
* * * LOW HITPOINT WARNING * * *
You punch the orc priest!
You kill the orc priest!
Dithmenos accepts your kill.
You hit the orc priest.
The orc priest is lightly wounded.
The orc priest barely misses you.
You barely miss the orc priest.
The orc priest is lightly wounded.
The orc priest hits you with a +0 flail.
* * * LOW HITPOINT WARNING * * *
You barely miss the orc priest.
The orc priest is lightly wounded.
The orc priest hits you with a +0 flail.
* * * LOW HITPOINT WARNING * * *
You hit the orc priest. Your punch misses the orc priest.
The orc priest is heavily wounded.
The orc priest begins to cast a cantrip, but forgets the words!
You barely miss the orc priest.
The orc priest is heavily wounded.
The orc priest hits you with a +0 flail.
* * * LOW HITPOINT WARNING * * *
You closely miss the orc priest.
The orc priest is heavily wounded.
You closely miss the orc priest.
The orc priest is heavily wounded.
The orc priest casts a cantrip, but nothing happens.
You hit the orc priest.
The orc priest is severely wounded.
The orc priest completely misses you.
You hit the orc priest but do no damage.
The orc priest is severely wounded.
The orc priest hits you with a +0 flail.
* * * LOW HITPOINT WARNING * * *
You barely miss the orc priest.
The orc priest is severely wounded.
The orc priest invokes the aid of Beogh against you.
Pain shoots through your body!
You die...

* ** * ** * , * , , ,
, , , , * , ,, * , ,#
, * ,* , , , ,, . #.
###### * * ..
#.##....# , .
...#....##<######....
...........oh.)....#
#........######.....
#......).# ,)..
,*#........# .,
#........... , , *
#...........#
#...........# **
#............. , , *
########.....# *


You could see an orc priest.

Vanquished Creatures
  2 orc priests (D:3)
  An adder (D:2)
  2 dart slugs
  2 orcs (D:3)
  5 ball pythons
  A bat (D:1)
  5 endoplasms (D:1)
  3 giant cockroaches
  6 goblins
  2 hobgoblins (D:2)
  7 jackals
  3 kobolds
  3 frilled lizards
  5 rats
47 creatures vanquished.

Notes
Turn   | Place    | Note
-------+----------+-------------------------------------------
     0 | D:1      | lunkers the Meteoran Shapeshifter began the quest for the
                  | Orb.
     0 | D:1      | Reached XP level 1. HP: 16/16 MP: 2/2
    97 | D:1      | Reached skill level 4 in Unarmed Combat
    97 | D:1      | Reached XP level 2. HP: 23/23 MP: 3/3
   155 | D:1      | Found a faded altar of an unknown god.
   160 | D:1      | Reached XP level 3. HP: 24/28 MP: 4/4
   166 | D:1      | Prayed at the altar of an unknown god.
   166 | D:1      | Became a worshipper of Dithmenos the Shadowed
   166 | D:1      | Reached * piety under Dithmenos
   460 | D:2      | Reached XP level 4. HP: 35/35 MP: 5/5
   579 | D:2      | Reached skill level 5 in Unarmed Combat
   614 | D:2      | Reached ** piety under Dithmenos
   680 | D:2      | Found a burning altar of Makhleb.
   751 | D:3      | Reached XP level 5. HP: 25/40 MP: 6/6
   772 | D:3      | HP: 1/40 [orc priest/+0 flail (5)]
   773 | D:3      | Killed from afar by an orc priest

Illustrated notes

Levels and vault maps discovered:
D:1:      scummos_arrival_forest, layout_rooms,
          shapermc_ecumenical_altar_mp_highgroup, minmay_misc_feat_chi
D:2:      layout_basic, basic_altar
D:3:      layout_basic, nrook_uturn

Skill      XL: |  1  2  3  4 |
---------------+-------------+-----
Unarmed Combat | 4 5 |  5.9
Shapeshifting  | 4 |  4.7
Fighting       | |  1.1
Dodging        | |  2.1

Action                     |  1- 3 |  4- 6 || total
---------------------------+-------+-------++-------
  Melee: Unarmed           |    68 |    51 ||   119
         Punch             |     1 |     1 ||     2
 Armour: Animal skin       |    22 |       ||    22
         Ring mail         |     9 |    30 ||    39
  Dodge: Dodged            |    39 |    21 ||    60

Table legend: (Time is in decaauts)
 A = Elapsed time spent in this place.
 B = Non-inter-level travel time spent in this place.
 C = Inter-level travel time spent in this place.
 D = Time resting spent in this place.
 E = Time spent auto-exploring this place.
 F = Levels seen in this place.
 G = Mean time per level.
                   A        B        C        D        E       F      G
               +--------+--------+--------+--------+--------+-----+--------+
         Total |    762 |    712 |     50 |      0 |    444 |   3 |  254.0 |
       Dungeon |    762 |    712 |     50 |      0 |    444 |   3 |  254.0 |
               +--------+--------+--------+--------+--------+-----+--------+

Top non-repeatable levels by time:
     D:2: 435 daAuts
     D:1: 293 daAuts
     D:3: 33 daAuts
